 Dungeon Crawl Stone Soup version 0.25-a0-804-g50c693f418 (webtiles) character file.

Game seed: 13405395505004704735, levelgen mode: deterministic

20863 magipi the Cleaver (level 12, -3/109 HPs)
             Began as a Deep Dwarf Skald on Apr 19, 2020.
             Was a High Priest of Makhleb.
             Slain by a tyrant leech (20 damage)
             ... on level 3 of the Lair of Beasts.
             The game lasted 00:55:29 (12714 turns).

magipi the Cleaver (Deep Dwarf Skald)              Turns: 12714, Time: 00:55:30

Health: -3/109     AC: 16    Str: 19    XL:     12   Next: 49%
Magic:  0/0        EV: 10    Int: 18    God:    Makhleb [*****.]
Gold:   608        SH: 10    Dex: 12    Spells: 14/15 levels left

rFire    . . .     SeeInvis .   a - +1 broad axe
rCold    . . .     Gourm    .   D - +0 kite shield
rNeg     + . .     Faith    .   H - +1 chain mail {rN+}
rPois    .         Spirit   .   z - +1 helmet {Int+3}
rElec    .         Reflect  .   (no cloak)
rCorr    .         Harm     .   r - +1 pair of gloves
MR       +....                  (no boots)
Stlth    ..........             (no amulet)
HPRegen  0.00/turn              (no ring)
MPRegen  0.07/turn              (no ring)

@: non-regenerating
A: damage resistance, heal wounds, sense surroundings 2, no regeneration
a: Heal Wounds, Minor Destruction, Lesser Servant of Makhleb, Major Destruction,
Greater Servant of Makhleb, Renounce Religion


You were on level 3 of the Lair of Beasts.
You worshipped Makhleb.
Makhleb was extremely pleased with you.
You were not hungry.

You visited 3 branches of the dungeon, and saw 15 of its levels.

You collected 704 gold pieces.
You spent 96 gold pieces at shops.

Inventory:

Hand Weapons
 a - a +1 broad axe (weapon)
   (You bought it in a shop on level 9 of the Dungeon)
 b - a +1 hand axe of flaming
   (You took it off an orc on level 5 of the Dungeon)
Missiles
 c - 3 throwing nets
 o - 6 atropa-tipped darts
 u - 10 poisoned darts
 I - 10 boomerangs
 K - 2 javelins (quivered)
Armour
 r - a +1 pair of gloves (worn)
   (You found it on level 3 of the Dungeon)
 z - a +1 helmet of intelligence (worn)
   (You found it on level 7 of the Dungeon)
 D - a +0 kite shield (worn)
   (You took it off a gnoll sergeant on level 10 of the Dungeon)
 H - a +1 chain mail of positive energy (worn)
   (You took it off an orc warrior on level 11 of the Dungeon)
Magical Staves
 B - an uncursed staff of fire
   (You found it on level 9 of the Dungeon)
Wands
 l - a wand of scattershot (4)
   (You found it on level 4 of the Dungeon)
 m - a wand of polymorph (6)
   (You found it on level 7 of the Dungeon)
 s - a wand of paralysis (21)
   (You found it on level 10 of the Dungeon)
 w - a wand of iceblast (10)
   (You took it off an orc on level 11 of the Dungeon)
 L - a wand of flame (18)
   (You found it on level 2 of the Lair of Beasts)
Scrolls
 g - 4 scrolls of remove curse
 h - 7 scrolls of teleportation
 j - 2 scrolls of identify
 q - 2 scrolls of immolation
 y - 4 scrolls of fog
 A - 2 scrolls of enchant armour
 C - a scroll of fear
 F - a scroll of blinking
Potions
 d - a potion of flight
 e - 4 potions of haste
 f - 7 potions of curing
 i - 2 potions of ambrosia
 k - 2 potions of brilliance
 n - a potion of stabbing
 p - 2 potions of mutation
 t - a potion of heal wounds
 v - 2 potions of berserk rage
 E - a potion of invisibility
Miscellaneous
 G - a lightning rod (inert)
   (You found it on level 10 of the Dungeon)
Comestibles
 x - 16 rations
 J - a chunk of flesh


   Skills:
 + Level 7.6 Fighting
 * Level 12.4 Axes
 + Level 6.4 Throwing
 + Level 8.7 Armour
 + Level 9.0 Dodging
 + Level 5.9 Shields
 - Level 2.0 Spellcasting
 - Level 3.8 Charms
 + Level 5.2 Invocations
 + Level 5.1 Evocations


You had 14 spell levels left.
You knew the following spells:

 Your Spells              Type           Power        Failure   Level  Hunger
a - Infusion              Chrm           ###.         71%         1    #......

Your spell library contained the following spells:

 Spells                   Type           Power        Failure   Level  Hunger
 Song of Slaying          Chrm           ###.....     85%         2    ###....
 Shroud of Golubria       Chrm/Tloc      #.....       98%         2    ###....
 Animate Skeleton         Necr           N/A          99%         1    #......
 Pain                     Necr           #...         99%         1    #......
 Ozocubu's Armour         Chrm/Ice       #.......     100%        3    ###....
 Spectral Weapon          Hex/Chrm       #.......     100%        3    ###....
 Vampiric Draining        Necr           #.........   100%        3    ###....
 Animate Dead             Necr           N/A          100%        4    #####..
 Agony                    Necr           #.......     100%        5    ######.


Dungeon Overview and Level Annotations

Branches:
Dungeon (11/15)            Temple (1/1) D:5            Lair (3/6) D:9
  Swamp (0/4) Lair:3        Snake (0/4) Lair:2          Orc (0/2) D:11

Altars:
Ashenzari
Cheibriados
Dithmenos
Elyvilon
Fedhas
Gozag
Hepliaklqana
Kikubaaqudgha
Makhleb
Nemelex Xobeh
Okawaru
Qazlal
Ru
Sif Muna
Trog
Uskayaw
Vehumet
Wu Jian
Xom
Yredelemnul
Zin
The Shining One

Shops:
D:9 (

Annotations:
D:4 2 runed translucent doors, DOPEyDwarf's ghost, novice FoFi
D:8 2 transporters, mortelune's ghost, novice KoHu
D:9 exclusion: 3 doors


Innate Abilities, Weirdness & Mutations

You are resistant to damage.
You can heal yourself by infusing magical energy.
You passively map the area around you.
You do not regenerate.


Message History

You slash the blink frog!
You kill the blink frog!
Makhleb accepts your kill.
You feel better.
You see here a blink frog corpse.
The blink frog blinks!
You closely miss the blink frog.
The blink frog is heavily wounded.
You block the blink frog's attack.
You barely miss the blink frog.
The blink frog is heavily wounded.
The blink frog blinks!
Things that are here:
a throwing net; a javelin
Things that are here:
a throwing net; a javelin You miss the blink frog.
The blink frog is heavily wounded.
The blink frog hits you.
* * * LOW HITPOINT WARNING * * *
You hit the blink frog.
The blink frog is heavily wounded.
The blink frog hits you but does no damage.
You block the blink frog's attack.
You closely miss the blink frog.
The blink frog is heavily wounded.
The blink frog barely misses you.
You slash the blink frog!
The blink frog is almost dead.
You block the blink frog's attack. x2
You slash the blink frog!
You kill the blink frog!
Makhleb accepts your kill.
You feel better.
You see here a blink frog corpse.
K - a javelin You see here a blink frog corpse.
c - 3 throwing nets (gained 1);
K - 2 javelins (gained 1)
You see here a blink frog corpse.
You butcher the blink frog corpse.
J - a chunk of flesh You see here a blink frog skeleton.
Found 18 stones.
Unknown command.
A tyrant leech comes into view.
Evoke which item? (* to show all) (? for menu, Esc to quit)
Aiming: Thunderbolt
Press: ? - help, Shift-Dir - straight line, f - tyrant leech
Aim: a tyrant leech The thunderbolt hits the tyrant leech!
The tyrant leech is moderately wounded.
Unknown command.
Unknown command.
Evoke which item? (* to show all) (? for menu, Esc to quit)
Aiming: Thunderbolt
Press: ? - help, Shift-Dir - straight line, f/p - tyrant leech
Aim: a tyrant leech (moderately wounded)
The thunderbolt hits the tyrant leech!
The tyrant leech is moderately wounded.
Unknown command.
Unknown command.
Evoke which item? (* to show all) (? for menu, Esc to quit)
Aiming: Thunderbolt
Press: ? - help, Shift-Dir - straight line, f/p - tyrant leech
Aim: a tyrant leech (moderately wounded)
The thunderbolt hits the tyrant leech!
The tyrant leech is heavily wounded.
Unknown command.
Unknown command.
Evoke which item? (* to show all) (? for menu, Esc to quit)
Aiming: Thunderbolt
Press: ? - help, Shift-Dir - straight line, f - fungus, p - tyrant leech
Aim: a fungus The thunderbolt hits the tyrant leech!!
The tyrant leech is almost dead.
The thunderbolt hits the fungus!!
The fungus is severely damaged.
The thunderbolt hits the fungus!!
The fungus is severely damaged.
The lightning rod overheats!
Unknown command.
You closely miss the tyrant leech.
The tyrant leech is almost dead.
You block the tyrant leech's attack.
You closely miss the tyrant leech.
The tyrant leech is almost dead.
You hit the tyrant leech but do no damage.
The tyrant leech is almost dead.
The tyrant leech bites you!!
* * * LOW HITPOINT WARNING * * *
The tyrant leech draws strength from your injuries!
Unknown command.
Evoke which item? (* to show all) (? for menu, Esc to quit)
Aiming: Scattershot
Press: ? - help, Shift-Dir - straight line, f/p - fungus
Aim: a fungus (severely damaged)
The burst of metal fragments hits the tyrant leech but does no damage. x2
The tyrant leech is severely wounded.
The tyrant leech bites you!!
You die...

*#...#.......#..##
*,...#..........#
*,,..P..........##
**,,,.............#
*,*,,,,.......#..##
**,,,,*#.###+....##
,**,,,,...........#
,,,,,,,,,........##
,,,,,,,,,.......@.#
,,,,,,,,,...####w##
**,*,*,,,..#* #..#
*******,.#* #.P#
**,,*** #..#
*,,,,,* #.P#
*,,,,** #..# **,,**
#.## *,,* #..#


You could see a tyrant leech.

Vanquished Creatures
  2 hydras
  2 two-headed ogres
  Urug (Lair:1)
  An unseen horror (D:11)
  2 cyclopes
  A black mamba (Lair:3)
  5 spiny frogs
  Maggie (D:10)
  A gargoyle (D:10)
  2 trolls
  7 blink frogs
  4 hippogriffs
  8 yaks
  Grum (D:8)
  2 hungry ghosts
  A naga (Lair:2)
  2 water moccasins (Lair:1)
  6 porcupines
  Duvessa (D:5)
  4 orc warriors
  4 ice beasts
  A sky beast (D:6)
  An eye of draining (D:11)
  2 black bears
  5 necrophages
  11 centaurs
  4 ogres
  2 phantoms
  2 wolves (D:8)
  4 crocodiles
  A big kobold (D:10)
  12 bullfrogs
  A gnoll sergeant (D:10)
  Dowan (D:5)
  A water moccasin zombie (D:6)
  2 scorpions
  11 killer bees
  4 howler monkeys
  14 wights
  An electric eel (D:9)
  A centaur zombie (D:5)
  9 crimson imps
  7 hounds
  2 quasits
  2 bullfrog zombies
  12 orc priests
  3 centaur skeletons
  8 jellies
  13 orc wizards
  A bullfrog skeleton (D:11)
  2 iguanas
  7 worker ants
  A hound zombie (D:5)
  3 hound skeletons
  A worker ant zombie (D:10)
  Robin (D:4)
  11 gnolls
  11 adders
  4 shadow imps
  7 oozes
  An adder skeleton (D:9)
  3 adder zombies (D:6)
  A worm (D:2)
  A dart slug (D:3)
  5 leopard geckos
  51 orcs
  9 bats
  6 giant cockroaches
  7 hobgoblins
  4 jackals (D:4)
  8 kobolds
  2 quokkas
  A ball python (D:1)
  A ball python skeleton (D:4)
  A frilled lizard (D:3)
  18 goblins
  A jackal zombie (D:8)
  2 leopard gecko skeletons
  2 quokka skeletons (D:5)
  A quokka zombie (D:9)
  3 rats
372 creatures vanquished.

Vanquished Creatures (collateral kills)
  A hydra (Lair:3)
  A komodo dragon (Lair:3)
  A hippogriff (Lair:3)
3 creatures vanquished.

Vanquished Creatures (others)
  A human (D:2)
  A bush (Lair:2)
  A fungus (Lair:2)
  6 plants
9 creatures vanquished.

Grand Total: 384 creatures vanquished

Notes
Turn   | Place    | Note
-------+----------+-------------------------------------------
     0 | D:1      | magipi the Deep Dwarf Skald began the quest for the Orb.
     0 | D:1      | Reached XP level 1. HP: 19/19 MP: 3/3
   322 | D:1      | Reached XP level 2. HP: 23/26 MP: 4/4
   849 | D:2      | Reached XP level 3. HP: 27/32 MP: 6/6
   999 | D:2      | Found an ancient bone altar of Kikubaaqudgha.
  1003 | D:2      | Noticed a human
  1004 | D:2      | Killed a human
  1500 | D:3      | Noticed a centaur
  1516 | D:3      | Reached skill level 3 in Axes
  1533 | D:3      | Killed a centaur
  1533 | D:3      | Reached XP level 4. HP: 31/40 MP: 7/7
  1690 | D:3      | Reached XP level 5. HP: 34/46 MP: 7/7
  1875 | D:3      | Reached skill level 4 in Axes
  2539 | D:4      | Reached XP level 6. HP: 35/55 MP: 7/7
  3070 | D:4      | Found a large runed translucent door.
  3070 | D:4      | Found a large runed translucent door.
  3073 | D:4      | Noticed DOPEyDwarf's ghost (novice FoFi)
  3099 | D:4      | You fall into a shaft and drop 1 floor!
  3099 | D:5      | Entered Level 5 of the Dungeon
  3120 | D:5      | Found a staircase to the Ecumenical Temple.
  3164 | Temple   | Entered the Ecumenical Temple
  3205 | Temple   | Became a worshipper of Makhleb the Destroyer
  3256 | D:5      | Reached skill level 5 in Axes
  3298 | D:4      | Found a shadowy altar of Dithmenos.
  3397 | D:4      | Reached XP level 7. HP: 43/62 MP: 6/6
  3617 | D:4      | Noticed Robin
  3653 | D:4      | Killed Robin
  4100 | D:5      | Reached skill level 6 in Axes
  4195 | D:5      | Reached * piety under Makhleb
  4411 | D:5      | Reached XP level 8. HP: 54/72 MP: 5/5
  4610 | D:5      | Reached skill level 1 in Throwing
  4845 | D:5      | Reached skill level 5 in Dodging
  4957 | D:5      | Noticed Duvessa
  4959 | D:5      | Noticed Dowan
  4975 | D:5      | Killed Duvessa
  4975 | D:5      | Reached skill level 7 in Axes
  4988 | D:5      | Killed Dowan
  5351 | D:6      | Reached skill level 5 in Armour
  5381 | D:6      | Reached ** piety under Makhleb
  5542 | D:6      | Gained mutation: You passively map the area around you.
                  | [Deep Dwarf growth]
  5542 | D:6      | Reached XP level 9. HP: 42/79 MP: 6/6
  5734 | D:6      | Reached skill level 8 in Axes
  5822 | D:6      | Reached skill level 5 in Fighting
  6322 | D:7      | Reached skill level 9 in Axes
  6784 | D:8      | Noticed a troll
  6798 | D:8      | Killed a troll
  6805 | D:8      | Noticed mortelune's ghost (novice KoHu)
  6876 | D:8      | Found a transporter.
  6941 | D:8      | Found a transporter.
  6956 | D:8      | Noticed Grum
  6968 | D:8      | Reached *** piety under Makhleb
  6977 | D:8      | Reached XP level 10. HP: 50/91 MP: 5/5
  7006 | D:8      | Killed Grum
  7201 | D:8      | Found a white marble altar of Elyvilon.
  7447 | D:9      | Reached skill level 10 in Axes
  7551 | D:9      | Found Naseochu's Antique Weapon Emporium.
  7554 | D:9      | Bought a broad axe for 96 gold pieces
  7677 | D:9      | Reached **** piety under Makhleb
  7756 | D:9      | Found a staircase to the Lair.
  7844 | D:9      | Noticed a two-headed ogre
  7858 | D:9      | Noticed an eye of devastation
  7858 | D:9      | a two-headed ogre changed into an eye of devastation
  8137 | D:10     | Entered Level 10 of the Dungeon
  8269 | D:10     | Noticed a gargoyle
  8298 | D:10     | Killed a gargoyle
  8298 | D:10     | Reached skill level 1 in Shields
  8494 | D:10     | Noticed a cyclops
  8530 | D:10     | Killed a cyclops
  8912 | D:10     | Reached skill level 5 in Throwing
  9032 | D:10     | Reached ***** piety under Makhleb
  9037 | D:10     | Noticed Maggie
  9056 | D:10     | Killed Maggie
  9056 | D:10     | Reached XP level 11. HP: 99/99 MP: 5/5
  9123 | D:10     | Noticed a two-headed ogre
  9133 | D:10     | Reached skill level 11 in Axes
  9134 | D:10     | Killed a two-headed ogre
  9134 | D:10     | Reached skill level 1 in Invocations
  9134 | D:10     | Reached skill level 1 in Evocations
  9565 | D:11     | Noticed a five-headed hydra
  9589 | D:11     | Killed a two-headed hydra
  9665 | D:11     | Found a staircase to the Orcish Mines.
  9716 | D:11     | Noticed a two-headed ogre
  9761 | D:11     | Killed a two-headed ogre
  9893 | D:11     | Killed an unseen horror
 10384 | Lair:1   | Entered Level 1 of the Lair of Beasts
 10531 | Lair:1   | Noticed a four-headed hydra
 10545 | Lair:1   | Killed a one-headed hydra
 10545 | Lair:1   | Reached skill level 5 in Shields
 10993 | Lair:1   | Reached XP level 12. HP: 76/109 MP: 3/3
 11041 | Lair:1   | Reached skill level 12 in Axes
 11131 | Lair:1   | Noticed Urug
 11140 | Lair:1   | Killed Urug
 11486 | Lair:2   | Found a staircase to the Snake Pit.
 12522 | Lair:3   | Noticed a four-headed hydra
 12528 | Lair:3   | Killed a four-headed hydra
 12528 | Lair:3   | Reached skill level 5 in Invocations
 12528 | Lair:3   | Reached skill level 5 in Evocations
 12714 | Lair:3   | Slain by a tyrant leech

Levels and vault maps discovered:
D:1:      dpeg_arrival_connections, layout_basic
D:2:      layout_basic, first_ration, tgw_kikubaaqudgha
D:3:      layout_basic
D:4:      layout_basic, lemuel_doored_altar, ebering_ghost_disaster_area,
          minmay_pentangle, uniq_robin
D:5:      layout_layer_cave, temple_fountains, uniq_duvessa
D:6:      layout_loops_cross
D:7:      layout_basic
D:8:      layout_cave_pools, gammafunk_ghost_stat_death, elyvilon_altar_1,
          uniq_grum
D:9:      layout_roguey, lair_entry_dummy, serial_undead, serial_undead_e,
          serial_undead_f, serial_undead_d, serial_undead_c, serial_shops,
          nicolae_shop_window_shopping, hangedman_little_slice_of_home,
          dk_noncrumbling_2, serial_bayou_ford_a
D:10:     layout_loops_corners, uniq_maggie
D:11:     layout_rooms, orc_0_dummy
Temple:   kilobyte_greek_temple
Lair:1:   layout_concentric_octagons, grunt_megastairs_3, uniq_urug
Lair:2:   layout_gridlike, guppyfry_snake_entry_garden
Lair:3:   layout_chaotic_city, minmay_swamp_entry_worms

Skill      XL: |  1  2  3  4  5  6  7  8  9 10 11 12 |
---------------+-------------------------------------+-----
Fighting       | 2 3 4 5 6 7 |  7.6
Spellcasting   | 2 |  2.0
Axes           | 3 4 5 6 7 9 10 11 12 | 12.4
Armour         | 2 3 4 5 6 7 8 |  8.7
Charms         | 3 |  3.8
Dodging        | 3 4 5 6 7 8 9 |  9.0
Throwing       | 2 4 5 6 |  6.4
Shields        | 3 5 |  5.9
Invocations    | 4 5 |  5.2
Evocations     | 4 5 |  5.1

Action                   |  1- 3 |  4- 6 |  7- 9 | 10-12 || total
-------------------------+-------+-------+-------+-------++-------
Melee: Hand axe          |   132 |   304 |   218 |    11 ||   665
       War axe           |       |       |   152 |    15 ||   167
       Battleaxe         |       |       |   173 |   139 ||   312
       Broad axe         |       |       |       |   829 ||   829
Throw: Dart              |       |       |    19 |    14 ||    33
       Throwing net      |       |       |       |     2 ||     2
       Javelin           |       |       |       |     5 ||     5
Invok: Lesser Servant of |       |       |       |     2 ||     2
 Abil: Heal Wounds       |     2 |     6 |    12 |    25 ||    45
Evoke: Wand              |       |       |       |     8 ||     8
       Lightning rod     |       |       |       |     4 ||     4
  Use: Scroll            |       |    11 |     4 |     9 ||    24
       Potion            |       |       |     4 |     2 ||     6
 Stab: Invisible         |       |       |     3 |     1 ||     4
       Paralysed         |       |       |       |     3 ||     3
  Eat: Chunk             |     1 |     8 |    12 |    17 ||    38
       Ration            |       |       |       |     6 ||     6
Armor: Leather armour    |     9 |       |       |       ||     9
       Ring mail         |    39 |    19 |       |       ||    58
       Chain mail        |       |   105 |   354 |   386 ||   845
       Scale mail        |       |    15 |       |       ||    15
       Skin              |       |       |     9 |       ||     9
       Steam dragon scal |       |       |       |    99 ||    99
Dodge: Dodged            |    96 |   137 |   236 |   458 ||   927
Block: Kite shield       |       |       |       |   345 ||   345
       Buckler           |       |       |       |    12 ||    12

Table legend:
 A = Non-vault XP
 B = Vault XP
 C = Vault XP percentage of total XP
 D = Non-vault monster count
 E = Vault monster count
 F = Vault count percentage of total count
                 A         B        C        D         E       F
            +---------+---------+-------+---------+---------+-------
      Total |   25672 |    4133 |  13.9 |     331 |      44 |  11.7
            +---------+---------+-------+---------+---------+-------
        D:1 |      20 |       0 |   0.0 |      12 |       0 |   0.0
        D:2 |      31 |       0 |   0.0 |      14 |       0 |   0.0
        D:3 |     289 |       0 |   0.0 |      27 |       0 |   0.0
        D:4 |     424 |     146 |  25.6 |      25 |      16 |  39.0
        D:5 |    1040 |     223 |  17.7 |      32 |       2 |   5.9
        D:6 |    1683 |       0 |   0.0 |      33 |       0 |   0.0
        D:7 |     690 |       0 |   0.0 |      14 |       0 |   0.0
        D:8 |    1336 |     418 |  23.8 |      15 |       3 |  16.7
        D:9 |    1029 |     645 |  38.5 |      19 |      14 |  42.4
       D:10 |    4710 |     409 |   8.0 |      55 |       1 |   1.8
       D:11 |    5789 |       0 |   0.0 |      50 |       0 |   0.0
     Lair:1 |    3394 |    2129 |  38.5 |      13 |       7 |  35.0
     Lair:2 |    2835 |     163 |   5.4 |      15 |       1 |   6.2
     Lair:3 |    2402 |       0 |   0.0 |       7 |       0 |   0.0
            +---------+---------+-------+---------+---------+-------

Action                   |  1- 3 |  4- 6 |  7- 9 | 10-12 || total
-------------------------+-------+-------+-------+-------++-------
Melee: Hand axe          |   132 |   304 |   218 |    11 ||   665
       War axe           |       |       |   152 |    15 ||   167
       Battleaxe         |       |       |   173 |   139 ||   312
       Broad axe         |       |       |       |   829 ||   829
Throw: Dart              |       |       |    19 |    14 ||    33
       Throwing net      |       |       |       |     2 ||     2
       Javelin           |       |       |       |     5 ||     5
Invok: Lesser Servant of |       |       |       |     2 ||     2
 Abil: Heal Wounds       |     2 |     6 |    12 |    25 ||    45
Evoke: Wand              |       |       |       |     8 ||     8
       Lightning rod     |       |       |       |     4 ||     4
  Use: Scroll            |       |    11 |     4 |     9 ||    24
       Potion            |       |       |     4 |     2 ||     6
 Stab: Invisible         |       |       |     3 |     1 ||     4
       Paralysed         |       |       |       |     3 ||     3
  Eat: Chunk             |     1 |     8 |    12 |    17 ||    38
       Ration            |       |       |       |     6 ||     6
Armor: Leather armour    |     9 |       |       |       ||     9
       Ring mail         |    39 |    19 |       |       ||    58
       Chain mail        |       |   105 |   354 |   386 ||   845
       Scale mail        |       |    15 |       |       ||    15
       Skin              |       |       |     9 |       ||     9
       Steam dragon scal |       |       |       |    99 ||    99
Dodge: Dodged            |    96 |   137 |   236 |   458 ||   927
Block: Kite shield       |       |       |       |   345 ||   345
       Buckler           |       |       |       |    12 ||    12
